 Dungeon Crawl Stone Soup version 0.29-a0-409-gd843f3a48c (webtiles) character file.

Game seed: 12867224935987562842

5005 Pelinal the Martial Artist (level 10, -4/45 HPs)
             Began as a Vine Stalker Transmuter on May 14, 2022.
             Was a Believer of Wu Jian.
             Slain by a komodo dragon (15 damage)
             ... on level 10 of the Dungeon.
             The game lasted 00:21:06 (7397 turns).

Pelinal the Martial Artist (VSTm)                   Turns: 7397, Time: 00:21:06

Health: -4/45      AC:  6    Str: 14    XL:     10   Next: 54%
Magic:  0/14       EV: 25    Int: 13    God:    Wu Jian [**....]
Gold:   529        SH:  0    Dex: 23    Spells: 7/13 levels left

rFire   . . .      SeeInvis .     - Unarmed
rCold   . . .      Faith    .   (shield currently unavailable)
rNeg    + . .      Spirit   +   (body armour currently unavailable)
rPois   x          Reflect  .   (helmet currently unavailable)
rElec   .          Harm     .   (cloak currently unavailable)
rCorr   .          Rampage  .   (gloves currently unavailable)
Will    +....                   (boots currently unavailable)
Stlth   +++.......              x - amulet of regeneration
HPRegen 1.75/turn               d - ring of positive energy
MPRegen 0.14/turn               L - +4 ring of protection

@: lethally poisoned (-4 -> -5), spider-form
A: venomous fangs, tiny, (fangs 3), regeneration 1, magic shield, (antimagic
bite), no potion heal 2, (iridescent scales 1)
a: End Transformation, Renounce Religion, Wall Jump


You were on level 10 of the Dungeon.
You worshipped Wu Jian.
Wu Jian was pleased with you.
You were a venomous arachnid creature.
You visited 1 branch of the dungeon, and saw 10 of its levels.

You collected 529 gold pieces.

Inventory:

Hand Weapons
 a - the +5 hunting sling of Filigreed Innocence {flame, Dex+4}
   (You found it on level 5 of the Dungeon)

   Any ammunition fired from it burns those it strikes, dealing additional fire
   damage.
   Dex:       It affects your dexterity (+4).
 q - a +2 dagger of venom
 H - the +5 dagger of Getapus {holy, rC++ Int-3}
   (You found it on level 4 of the Dungeon)

   It has been blessed by the Shining One to cause great damage to the undead
   and demons.
   Int:       It affects your intelligence (-3).
   rC:        It greatly protects you from cold.
Missiles
 o - 4 boomerangs
 p - 290 stones
 E - 2 poisoned darts
 N - 3 silver javelins
 S - 2 throwing nets
Armour
 e - a +1 pair of gloves (melded)
 l - a +0 cloak (melded)
 t - the +1 robe of Dablasu {rElec Int-4 Stlth+}
   (You found it on level 3 of the Dungeon)

   Int:       It affects your intelligence (-4).
   rElec:     It insulates you from electricity.
   Stlth:     It makes you more stealthy.
 v - a +0 robe (melded)
 B - a +0 helmet (melded)
 C - a +0 pair of gloves
Jewellery
 d - a ring of positive energy (left front leg)
 x - an amulet of regeneration (around neck)
 L - a +4 ring of protection (right front leg)
 M - a ring of positive energy
 R - a ring of resist corrosion
Wands
 P - a wand of flame (15)
 T - a wand of polymorph (10)
 U - a wand of acid (10)
Scrolls
 c - a scroll of silence {unknown}
 i - 2 scrolls of noise {unknown}
 j - 3 scrolls of immolation {unknown}
 k - a scroll of fog
 m - 2 scrolls of vulnerability
 s - 2 scrolls of magic mapping {unknown}
 u - 3 scrolls of blinking
 w - 6 scrolls of teleportation {unknown}
 y - 3 scrolls of amnesia {unknown}
 F - a scroll of enchant armour {unknown}
 G - 2 scrolls of poison {unknown}
 I - 5 scrolls of identify
 J - 2 scrolls of brand weapon {unknown}
 Q - a scroll of summoning {unknown}
 V - a scroll of enchant weapon {unknown}
 W - a scroll of acquirement {unknown}
Potions
 b - a potion of lignification
 f - 3 potions of attraction {unknown}
 g - 8 potions of curing
 h - a potion of invisibility {unknown}
 n - 3 potions of berserk rage {unknown}
 r - 2 potions of flight
 z - a potion of haste
 A - a potion of degeneration {unknown}
 D - 4 potions of mutation
 K - 3 potions of heal wounds {unknown}
 O - 2 potions of cancellation {unknown}


   Skills:
 - Level 1.2 Fighting
 + Level 6.4 Dodging
 - Level 5.1 Stealth
 + Level 8.8 Unarmed Combat
 - Level 2.3 Spellcasting
 - Level 7.5 Transmutations
 - Level 6.1 Poison Magic


You had 7 spell levels left.
You knew the following spells:

 Your Spells              Type           Power      Damage    Failure   Level
a - Beastly Appendage     Tmut           42%        N/A       5%          1
b - Wereblood             Tmut           21%        N/A       8%          2
c - Spider Form           Tmut/Pois      19%        N/A       14%         3

Your spell library contained the following spells:

 Spells                   Type           Power      Damage    Failure   Level
 Ignite Poison            Fire/Tmut/Pois 13%        N/A       28%         3
 Magic Dart               Conj           4%         1d3       47%         1
 Pain                     Necr           4%         1d4       47%         1
 Mephitic Cloud           Conj/Pois/Air  6%         N/A       54%         3
 Searing Ray              Conj           2%         2d4       58%         2
 Ice Form                 Ice/Tmut       11%        N/A       69%         4
 Fulminant Prism          Conj/Hex       0%         3d6       98%         4
 Agony                    Necr           1%         N/A       100%        5
 Excruciating Wounds      Necr           0%         N/A       100%        5
 Freezing Cloud           Conj/Ice/Air   0%         6-21      100%        5


Dungeon Overview and Level Annotations

Branches:
Dungeon (10/15)            Temple (0/1) D:6             Orc (0/2) D:9
   Lair: D:8-11

Altars:
Elyvilon
Fedhas
Kikubaaqudgha
Okawaru
Wu Jian
Xom
Zin
The Shining One
Beogh

Shops:
D:1 *

Annotations:
D:2 Sigmund
D:8 2 transporters
D:9 exclusion: kobold demonologist
D:10 exclusion: obsidian statue


Innate Abilities, Weirdness & Mutations

You are a venomous arachnid creature.
You have poisonous fangs.
You are tiny and dextrous.
Your spellcasting is less reliable in this form.
Your armour is entirely melded.
You are incapable of wielding weapons or throwing items.
((You have razor-sharp teeth.))
Your natural rate of healing is unusually fast.
When hurt, damage is shared between your health and your magic reserves.
((Your bite disrupts and absorbs the magic of your enemies.))
Potions cannot restore your health.
((You are partially covered in iridescent scales. (AC +2)))


Message History

You spin and attack the killer bee.
You bite the killer bee!
The killer bee is poisoned.
The killer bee is moderately wounded.
You feel sick.
The killer bee completely misses you. x2
The killer bee closely misses you.
The killer bee stings you but does no damage.
Unknown command.
You spin and attack the killer bee.
You miss the killer bee.
The killer bee is severely wounded.
You spin and attack the killer bee.
You closely miss the killer bee.
The killer bee is severely wounded.
You feel sick. The killer bee stings you.
* * * LOW HITPOINT WARNING * * *
The killer bee misses you. The killer bee barely misses you.
The killer bee completely misses you.
Unknown command.
The killer bee attacks as you move away!
The killer bee closely misses you.
You feel sick.
You kill the killer bee!
The Council accepts your kill. The killer bee misses you.
Unknown command.
You spin and attack the komodo dragon.
You hit the komodo dragon.
The komodo dragon looks as sick as possible!
The komodo dragon is moderately wounded.
Your transformation has ended.
Your +0 cloak unmelds from your body.
Your +0 helmet unmelds from your body.
Your +1 pair of gloves unmelds from your body.
Your +0 robe unmelds from your body.
You feel sick.
You kill the killer bee!
The Council accepts your kill. The komodo dragon barely misses you.
Unknown command.
Casting: Spider Form (dangerous; 4% risk of failure)
Confirm with . or Enter, or press ? or * to list all spells.
You turn into a venomous arachnid creature.
Your +0 cloak melds into your body.
Your +0 helmet melds into your body.
Your +1 pair of gloves melds into your body.
Your +0 robe melds into your body.
You feel sick. The komodo dragon bites you!
You die...

..)..# #######...... .....#
#...... .....# #......
###^## #####'# ####.#
############ #....#
####..........# ####.#### .
#.....†......<# #........
..
#†##....ls....####........
...
##.##...†..<...[.##........
....
#l.##....>.....#.##........
.....
#.###..........#..#........
....yy#y#
#..........##†#........
..y...'y#
#..........##..........
......###
#..........####.[......
.....: #######.####
#.)...... .#### #.#
###.#####


You could see a komodo dragon (extremely poisoned).

Vanquished Creatures
  A troll (D:9)
  A wraith (D:8)
  3 wyverns
  2 acid dragons (D:10)
  4 orc warriors (D:9)
  2 sky beasts
  3 ice beasts
  2 ogres
  A black bear (D:5)
  5 centaurs
  2 phantoms (D:5)
  A kobold brigand (D:9)
  A gnoll sergeant (D:9)
  A necrophage (D:5)
  3 bullfrogs
  A scorpion (D:4)
  11 wights
  9 killer bees
  4 howler monkeys
  5 orc priests
  2 hounds (D:5)
  A jelly (D:5)
  2 gnoll shamans
  4 iguanas
  4 orc wizards
  Robin (D:2)
  14 gnolls
  3 adders
  A shadow imp (D:6)
  3 white imps
  2 ufetubi
  2 worms
  A dart slug (D:3)
  16 orcs
  7 endoplasms
  2 giant cockroaches (D:4)
  9 hobgoblins
  4 jackals (D:1)
  5 kobolds
  8 ball pythons
  4 bats
  A frilled lizard (D:2)
  9 goblins (D:2)
  5 rats
172 creatures vanquished.

Vanquished Creatures (others)
  11 plants (D:5)
11 creatures vanquished.

Grand Total: 183 creatures vanquished

Notes
Turn   | Place    | Note
-------+----------+-------------------------------------------
     0 | D:1      | Pelinal the Vine Stalker Transmuter began the quest for the
                  | Orb.
     0 | D:1      | Reached XP level 1. HP: 9/9 MP: 4/4
    63 | D:1      | Reached skill level 1 in Fighting
   194 | D:1      | Reached XP level 2. HP: 14/14 MP: 4/6
   515 | D:1      | Found Ritij's Assorted Antiques.
   745 | D:2      | Noticed Sigmund
   894 | D:2      | Learned a level 2 spell: Wereblood
   899 | D:2      | Reached XP level 3. HP: 18/18 MP: 7/7
   993 | D:2      | Noticed Robin
  1020 | D:2      | Killed Robin
  1021 | D:2      | Gained mutation: Your natural rate of healing is unusually
                  | fast. [Vine Stalker growth]
  1021 | D:2      | Reached XP level 4. HP: 22/22 MP: 4/8
  1407 | D:3      | Identified the +1 scale mail of the Sun {rPois Regen+ rCorr
                  | Dex-5}
  1462 | D:3      | Identified the +1 robe of Dablasu {rElec Int-4 Stlth+}
  1833 | D:3      | Found an ornate altar of the Wu Jian Council.
  1851 | D:3      | Became a worshipper of the Wu Jian Council
  2262 | D:4      | Found a blossoming altar of Fedhas.
  2307 | D:4      | Noticed a scorpion
  2326 | D:4      | Killed a scorpion
  2327 | D:4      | Reached skill level 4 in Unarmed Combat
  2327 | D:4      | Reached XP level 5. HP: 20/25 MP: 5/9
  2359 | D:4      | Noticed a sky beast
  2373 | D:4      | Killed a sky beast
  2374 | D:4      | Reached skill level 5 in Unarmed Combat
  2374 | D:4      | Reached XP level 6. HP: 30/30 MP: 10/10
  2622 | D:4      | Identified the +5 dagger of Getapus {holy, rC++ Int-3}
  2813 | D:5      | Entered Level 5 of the Dungeon
  2926 | D:5      | Reached XP level 7. HP: 24/33 MP: 7/11
  2991 | D:5      | Reached skill level 5 in Stealth
  3024 | D:5      | Identified the +5 hunting sling of Filigreed Innocence
                  | {flame, Dex+4}
  3357 | D:5      | Gained mutation: You have razor-sharp teeth. [Vine Stalker
                  | growth]
  3357 | D:5      | Reached XP level 8. HP: 34/37 MP: 5/12
  3875 | D:6      | Learned a level 3 spell: Spider Form
  3910 | D:6      | Reached skill level 1 in Poison Magic
  3912 | D:6      | Found a staircase to the Ecumenical Temple.
  4039 | D:6      | Reached * piety under Wu Jian
  4113 | D:6      | Reached skill level 5 in Transmutations
  4146 | D:6      | Found an ancient bone altar of Kikubaaqudgha.
  4246 | D:6      | Found an iron altar of Okawaru.
  4470 | D:6      | Found a white marble altar of Elyvilon.
  4471 | D:6      | Found a glowing golden altar of the Shining One.
  4472 | D:6      | Found a glowing silver altar of Zin.
  4678 | D:6      | Gained mutation: You are partially covered in iridescent
                  | scales. (AC +2) [potion of mutation]
  4896 | D:7      | Reached XP level 9. HP: 40/41 MP: 13/13
  5129 | D:7      | Reached skill level 5 in Poison Magic
  5360 | D:8      | Noticed a hornet
  5420 | D:8      | Found a shimmering altar of Xom.
  5541 | D:8      | Found a transporter.
  5542 | D:8      | Noticed a kobold demonologist
  5941 | D:8      | Found a transporter.
  5941 | D:8      | Noticed a kobold demonologist
  6031 | D:8      | Reached skill level 6 in Unarmed Combat
  6185 | D:8      | Reached ** piety under Wu Jian
  6358 | D:9      | Found a staircase to the Orcish Mines.
  6381 | D:9      | Reached skill level 7 in Unarmed Combat
  6414 | D:9      | Reached skill level 5 in Dodging
  6414 | D:9      | Reached XP level 10. HP: 45/45 MP: 5/14
  6706 | D:9      | Noticed a kobold demonologist
  6855 | D:9      | Reached skill level 8 in Unarmed Combat
  7015 | D:10     | Entered Level 10 of the Dungeon
  7148 | D:10     | Noticed an obsidian statue
  7397 | D:10     | Slain by a komodo dragon

Illustrated notes

Levels and vault maps discovered:
D:1:      amcnicky_arrival_wind_blow, layout_basic, serial_shops, shop,
          hangedman_abyss_or_decor_lesser_grid
D:2:      layout_loops_ring, hangedman_decor_opposing, minmay_hedge_maze,
          uniq_robin, uniq_sigmund, uniq_crazy_yiuf_cottage
D:3:      layout_loops_ring, nicolae_wu_jian_immortal_techniques
D:4:      layout_rooms, kennysheep_mini_moat
D:5:      layout_rooms, serial_bayou, serial_bayou_lake_a, serial_bayou_ford_a,
          serial_bayou_lagoon_a, serial_bayou_shore_b,
          chequers_serial_rivers_large_a
D:6:      layout_basic, good_gods_temple_1, kiku_gazebo_pond_becter,
          okawaru_ov_weapons_minmay, minmay_temple_entry_glass
D:7:      layout_rooms
D:8:      gammafunk_wand_slinger, layout_basic, xom_teletrap_fun
D:9:      kennysheep_big_flooded_room, layout_cave_pools,
          minmay_orc_entry_temple_large
D:10:     layout_roguey, nicolae_overflow_squiral, minivault_16, uniq_urug

Skill      XL: |  1  2  3  4  5  6  7  8  9 10 |
---------------+-------------------------------+-----
Fighting       | 1 |  1.2
Transmutations | 3 4 6 7 |  7.5
Unarmed Combat | 4 5 7 8 |  8.8
Stealth        | 4 5 |  5.1
Dodging        | 4 5 6 |  6.4
Poison Magic   | 4 6 |  6.1
Spellcasting   | |  2.3

Action                   |  1- 3 |  4- 6 |  7- 9 | 10-12 || total
-------------------------+-------+-------+-------+-------++-------
Melee: Unarmed           |    59 |    39 |   310 |   109 ||   517
       Bite              |    12 |    19 |    58 |     1 ||    90
       Kick              |    16 |    23 |    67 |       ||   106
       Headbutt          |     5 |    21 |    38 |       ||    64
       Dagger            |       |    46 |       |       ||    46
       Punch             |       |     1 |     3 |       ||     4
 Fire: Hunting sling     |       |       |     8 |       ||     8
Throw: Dart              |       |     4 |       |       ||     4
       Boomerang         |       |     2 |       |       ||     2
       Stone             |       |     1 |       |       ||     1
 Cast: Beastly Appendage |    15 |    26 |    25 |       ||    66
       Wereblood         |     1 |     2 |     6 |     1 ||    10
       Spider Form       |       |       |    12 |    10 ||    22
Invok: Lunge             |       |     8 |    17 |     1 ||    26
       Whirlwind         |       |       |    50 |    25 ||    75
 Abil: Wall Jump         |       |       |     1 |     2 ||     3
Evoke: Wand              |       |       |     4 |       ||     4
  Use: Scroll            |       |     6 |       |       ||     6
       Potion            |       |       |     3 |       ||     3
 Stab: Sleeping          |     1 |     1 |       |     2 ||     4
Armor: Robe              |    14 |    20 |    50 |     2 ||    86
       Skin              |       |       |    14 |    10 ||    24
Dodge: Dodged            |    45 |    52 |   219 |   113 ||   429

Table legend: (Time is in decaauts)
 A = Elapsed time spent in this place.
 B = Non-inter-level travel time spent in this place.
 C = Inter-level travel time spent in this place.
 D = Time resting spent in this place.
 E = Time spent auto-exploring this place.
 F = Levels seen in this place.
 G = Mean time per level.
                   A        B        C        D        E       F      G
               +--------+--------+--------+--------+--------+-----+--------+
         Total |   7413 |   7144 |    269 |    336 |   4867 |  10 |  741.3 |
       Dungeon |   7413 |   7144 |    269 |    336 |   4867 |  10 |  741.3 |
               +--------+--------+--------+--------+--------+-----+--------+

Top non-repeatable levels by time:
     D:5: 1055 daAuts
     D:6: 993 daAuts
     D:8: 890 daAuts
     D:4: 854 daAuts
     D:1: 811 daAuts
     D:9: 702 daAuts
     D:3: 678 daAuts
     D:7: 532 daAuts
     D:2: 516 daAuts
    D:10: 379 daAuts
